 Dungeon Crawl Stone Soup version 0.28.0-53-g5a82cb258f (webtiles) character file.

Game seed: 1024582850241007793

1286 DildoBatman the Magician (level 8, -9/60 HPs)
             Began as a Formicid Conjurer on July 7, 2022.
             Mangled by Prince Ribbit (14 damage)
             ... on level 6 of the Dungeon.
             The game lasted 00:18:26 (6251 turns).

DildoBatman the Magician (Formicid Conjurer)        Turns: 6251, Time: 00:18:27

Health: -9/60      AC:  4    Str: 11    XL:     8   Next: 85%
Magic:  15/18      EV: 15    Int: 19    God:
Gold:   401        SH:  0    Dex: 11    Spells: 15/21 levels left

rFire   . . .      SeeInvis +   a - +0 hunting sling
rCold   . . .      Faith    .   (no shield)
rNeg    . . .      Spirit   .   G - +1 leather armour {Will+}
rPois   .          Reflect  .   (helmet unavailable)
rElec   .          Harm     .   (no cloak)
rCorr   .          Rampage  .   (no gloves)
Will    +....                   (no boots)
Stlth   ++........              (no amulet)
HPRegen 0.20/turn               q - +4 ring of evasion
MPRegen 0.16/turn               (no ring)

@: no status effects
A: permanent stasis, dig shafts and tunnels, antennae 3, four strong arms
a: Dig, Shaft Self


You were on level 6 of the Dungeon.
You visited 1 branch of the dungeon, and saw 7 of its levels.

You collected 401 gold pieces.

Inventory:

Hand Weapons
 a - a +0 hunting sling (weapon)
 b - a +4 mace
 d - a +0 falchion
Missiles
 e - 5 silver boomerangs
 k - 30 sling bullets
 m - 122 arrows
 p - 107 stones (quivered ammo)
 s - 19 bolts
 y - 6 javelins
 A - 3 boomerangs
 C - 5 poisoned darts
Armour
 G - a +1 leather armour of willpower (worn)
Jewellery
 q - a +4 ring of evasion (left hand)
Wands
 c - a wand of iceblast (6)
Scrolls
 f - a scroll of summoning {unknown}
 i - a scroll of noise {unknown}
 l - a scroll of enchant weapon {unknown}
 o - 5 scrolls of immolation
 u - a scroll of enchant armour
 x - a scroll of holy word
 E - a scroll of torment {unknown}
Potions
 g - 3 potions of curing {unknown}
 h - a potion of haste {unknown}
 j - a potion of flight {unknown}
 n - a potion of lignification {unknown}
 t - a potion of magic {unknown}
 v - 2 potions of brilliance {unknown}
 w - 3 potions of attraction {unknown}
 z - a potion of berserk rage {unknown}
 B - a potion of might {unknown}
 D - a potion of heal wounds {unknown}
 F - 2 potions of ambrosia {unknown}


   Skills:
 - Level 3.9 Fighting
 - Level 3.9 Armour
 - Level 2.0 Dodging
 - Level 2.4 Stealth
 - Level 7.0 Spellcasting
 - Level 6.0 Conjurations
 * Level 0.0 Ice Magic


You had 15 spell levels left.
You knew the following spells:

 Your Spells              Type           Power      Damage    Failure   Level
a - Searing Ray           Conj           58%        2d6       1%          2
b - Frozen Ramparts       Ice            12%        1d3       36%         3
c - Magic Dart            Conj           100%       1d8       1%          1

Your spell library contained the following spells:

 Spells                   Type           Power      Damage    Failure   Level
 Dazzling Flash           Conj/Hex       36%        N/A       11%         3
 Freeze                   Ice            24%        1d5       13%         1
 Fulminant Prism          Conj/Hex       9%         3d7       36%         4
 Hailstorm                Conj/Ice       18%        3d6       36%         4
 Iskenderun's Mystic Bla  Conj/Tloc      18%        2d6       36%         4


Dungeon Overview and Level Annotations

Branches:
Dungeon (7/15)
 Temple: D:4-7

Altars:

Shops:
D:4 =   D:6 **

Annotations:
D:1 1 runed translucent door, exclusion: frilled lizard
D:4 exclusion: troll
D:6 exclusions: centaur, ice beast, orc priest, phantom and 2 sensed monsters (detected), Prince Ribbit


Innate Abilities, Weirdness & Mutations

You cannot be hasted, slowed, berserked, paralysed or teleported.
You can dig through walls and to a lower floor.
You have a pair of large antennae on your head. (SInv)
Your four strong arms can wield two-handed weapons with a shield.


Message History

Prince Ribbit is lightly wounded.
Prince Ribbit barely misses you.
Prince Ribbit croaks regally.
Prince Ribbit hits you!
Prince Ribbit sighs, "It's not easy being green!"
Prince Ribbit misses you.
Prince Ribbit asks, "Just a little smooch?"
Prince Ribbit blinks!
You see here a +0 club.
Prince Ribbit catches a fly with his tongue.
Prince Ribbit blinks!
Prince Ribbit catches a blue-tailed skink with his tongue.
Prince Ribbit croaks regally.
Casting: Magic Dart (safe; 1% risk of failure)
Confirm with . or Enter, or press ? or * to list all spells.
Aiming: Magic Dart (safe; 1% risk of failure)
Press: ? - help, Shift-Dir - straight line, f/p - Prince Ribbit
Aim: Prince Ribbit (lightly wounded, 100% to hit)
The magic dart hits Prince Ribbit!
Prince Ribbit is moderately wounded.
Prince Ribbit hits you. Prince Ribbit hits you!
Casting: Magic Dart (safe; 1% risk of failure)
Confirm with . or Enter, or press ? or * to list all spells.
Aiming: Magic Dart (safe; 1% risk of failure)
Press: ? - help, Shift-Dir - straight line, f/p - Prince Ribbit
Aim: Prince Ribbit (moderately wounded, 100% to hit)
The magic dart hits Prince Ribbit.
Prince Ribbit is heavily wounded.
Prince Ribbit hits you! Prince Ribbit hits you!
Casting: Magic Dart (safe; 1% risk of failure)
Confirm with . or Enter, or press ? or * to list all spells.
Aiming: Searing Ray (safe; 1% risk of failure)
Press: ? - help, Shift-Dir - straight line, f/p - Prince Ribbit
Aim: Prince Ribbit (heavily wounded, 63% to hit)
The searing ray misses Prince Ribbit. (Press . to maintain the ray.) Prince Ribbit hits you!
You die...

##.##...# #.#
#.## ##.###.##
#.# #.# ....†..#
#.# #.#
######.####.#
#.#
.....#......#
#.#
####.########
#F# #.# #.# ##
#.#
###########.# .#
#.#
#..@F.......# .#
#.#
#.########### .#
#.# #.#
.###.#########.#
...............#
.....###########
######


You could see Prince Ribbit.

Vanquished Creatures
  An ice beast (D:6)
  2 ogres
  A centaur (D:5)
  A bullfrog (D:6)
  A water moccasin zombie (D:5)
  A water moccasin skeleton (D:4)
  3 wights (D:6)
  A bullfrog zombie (D:5)
  3 hounds (D:6)
  2 centaur skeletons (D:4)
  An orc priest (D:7)
  3 bullfrog skeletons
  3 iguanas
  2 orc wizards (D:7)
  A hound skeleton (D:5)
  3 gnolls (D:3)
  9 adders
  A shadow imp (D:6)
  A white imp (D:6)
  An adder skeleton (D:4)
  2 worms (D:2)
  10 orcs
  8 endoplasms
  4 giant cockroaches
  10 goblins
  5 hobgoblins (D:1)
  2 jackals (D:1)
  4 quokkas
  2 ball pythons (D:2)
  5 bats
  6 frilled lizards
  3 kobolds
  6 rats
108 creatures vanquished.

Vanquished Creatures (others)
  9 plants (D:1)
9 creatures vanquished.

Grand Total: 117 creatures vanquished

Notes
Turn   | Place    | Note
-------+----------+-------------------------------------------
     0 | D:1      | DildoBatman the Formicid Conjurer began the quest for the
                  | Orb.
     0 | D:1      | Reached XP level 1. HP: 13/13 MP: 3/3
     1 | D:1      | Found a runed translucent door.
   150 | D:1      | Reached XP level 2. HP: 18/20 MP: 1/5
   153 | D:1      | Learned a level 2 spell: Searing Ray
   343 | D:1      | Reached skill level 1 in Fighting
   398 | D:1      | Reached skill level 1 in Armour
   443 | D:1      | Reached XP level 3. HP: 25/26 MP: 3/6
   665 | D:1      | Found a faded altar of an unknown god.
  1128 | D:2      | Reached XP level 4. HP: 31/32 MP: 3/8
  1691 | D:3      | Reached skill level 3 in Spellcasting
  1691 | D:3      | Reached XP level 5. HP: 26/38 MP: 0/9
  2063 | D:4      | Found Xymmaup's Jewellery Emporium.
  2367 | D:4      | Reached XP level 6. HP: 9/46 MP: 1/11
  2770 | D:5      | Entered Level 5 of the Dungeon
  2899 | D:5      | Noticed a troll
  3082 | D:5      | Reached skill level 4 in Spellcasting
  3113 | D:5      | Noticed a yak
  3113 | D:5      | Noticed a yak
  3239 | D:5      | Reached skill level 5 in Conjurations
  3239 | D:5      | Reached XP level 7. HP: 47/52 MP: 3/13
  3759 | D:5      | Reached skill level 5 in Spellcasting
  3993 | D:5      | Noticed a yak
  4022 | D:5      | Noticed a yak
  4083 | D:5      | Noticed a yak
  4844 | D:6      | Found Uxkoenao's Assorted Antiques.
  4941 | D:6      | Reached XP level 8. HP: 58/58 MP: 10/15
  5299 | D:6      | Reached skill level 6 in Spellcasting
  5490 | D:6      | Reached skill level 7 in Spellcasting
  5569 | D:6      | Found Suweo's Overcharged Wands.
  5997 | D:7      | Learned a level 3 spell: Frozen Ramparts
  6186 | D:7      | Noticed Prince Ribbit
  6251 | D:6      | Mangled by Prince Ribbit

Illustrated notes

Levels and vault maps discovered:
D:1:      dpeg_arrival_caged_fury, layout_loops_ring,
          dilly_ecumenical_altar_fadedgnrine, minmay_pentomino_r4
D:2:      layout_loops_cross, minivault_5
D:3:      layout_rooms
D:4:      layout_basic, serial_shops, shop
D:5:      layout_basic
D:6:      layout_loops_ring, serial_shops, nicolae_shop_statue_plus,
          nicolae_shop_overcharged_wands
D:7:      layout_cave_pools, minmay_temple_entry_fiery, uniq_pikel,
          uniq_prince_ribbit1, uniq_crazy_yiuf_cottage

Skill      XL: |  1  2  3  4  5  6  7  8 |
---------------+-------------------------+-----
Dodging        | 2 |  2.0
Fighting       | 1 2 3 |  3.9
Armour         | 1 2 3 |  3.9
Conjurations   | 4 5 6 |  6.0
Spellcasting   | 3 4 5 7 |  7.0
Stealth        | |  2.4

Action                   |  1- 3 |  4- 6 |  7- 9 || total
-------------------------+-------+-------+-------++-------
Melee: Unarmed           |     5 |       |       ||     5
       Short sword       |    50 |     1 |       ||    51
       Dagger            |    13 |       |       ||    13
       Falchion          |       |    11 |       ||    11
       Mace              |       |       |     8 ||     8
 Fire: Hunting sling     |       |    55 |    20 ||    75
 Cast: Magic Dart        |    31 |    12 |    23 ||    66
       Searing Ray       |     8 |    22 |    31 ||    61
 Abil: Dig               |       |       |     2 ||     2
  Use: Scroll            |       |     2 |     2 ||     4
 Stab: Sleeping          |     7 |       |       ||     7
Armor: Robe              |    10 |     8 |     9 ||    27
Dodge: Dodged            |    57 |    32 |    37 ||   126
